 Dungeon Crawl Stone Soup version 0.27-a0-419-g7a85846853 (webtiles) character file.

Game seed: 5742656566968159868

75423 Cheater the Fighter (level 14, -7/72 HPs)
             Began as a Felid Enchanter on Feb 26, 2021.
             Was a High Priest of Ashenzari.
             Killed by the air
             ... invoked by a wind drake
              (22 damage)
             ... on level 1 of the Shoals.
             The game lasted 02:58:31 (44171 turns).

Cheater the Fighter (Felid Enchanter)              Turns: 44171, Time: 02:58:31

Health: -7/72      AC:  3    Str:  4    XL:     14   Next: 64%
Magic:  16/32      EV: 30    Int: 27    God:    Ashenzari [*****.]
Gold:   901        SH:  5    Dex: 19    Spells: 20/40 levels left
                                        Lives:  0   Deaths: 2

rFire    . . .     SeeInvis +     - Unarmed
rCold    + . .     Faith    .   (shield unavailable)
rNeg     . . .     Spirit   .   (armour unavailable)
rPois    .         Reflect  +   (helmet unavailable)
rElec    .         Harm     .   (cloak unavailable)
rCorr    .         Rampage  .   (gloves unavailable)
Will     ++...     Clarity  +   (boots unavailable)
Stlth    ++++++....             P - amulet of reflection (curse)
HPRegen  0.22/turn              V - +6 ring of intelligence (curse)
MPRegen  0.23/turn              r - ring of wizardry (curse)

@: confusing touch, quick
A: very small, no armour, no weapons or thrown items, stealth, claws 1, fangs 3,
see invisible, speed 1, shaggy fur 3, sharp paws
}: 1/15 runes: gossamer
a: Renounce Religion, Curse Item, Scrying, Transfer Knowledge


You were on level 1 of the Shoals.
You worshipped Ashenzari.
Ashenzari was extremely pleased with you.
You visited 6 branches of the dungeon, and saw 26 of its levels.

You collected 2179 gold pieces.
You spent 1278 gold pieces at shops.

Inventory:

Jewellery
 a - a cursed ring of willpower
 e - a +6 ring of dexterity
 r - a cursed ring of wizardry (right paw)
 w - a ring of flight
 y - an amulet of regeneration
 A - an amulet of magic regeneration
 O - the ring of Democracy {rElec rF- Will++ Int+4 Dex+6}
   (You found it on level 2 of the Orcish Mines)

   [ring of dexterity]

   It affects your intelligence (+4).
   It affects your dexterity (+6).
   It makes you vulnerable to fire.
   It insulates you from electricity.
   It affects your willpower, your defense against some magical effects.
 P - a cursed amulet of reflection (around neck)
 R - a +6 ring of dexterity
 V - a cursed +6 ring of intelligence (left paw)
Wands
 v - a wand of mindburst (9)
 x - a wand of polymorph (3)
 z - a wand of acid (18)
 C - a wand of random effects (9)
 D - a wand of flame (20)
 F - a wand of paralysis (14)
 M - a wand of charming (7)
 Y - a wand of iceblast (27)
Scrolls
 f - 2 scrolls of fog
 g - 7 scrolls of immolation
 h - 3 scrolls of magic mapping
 j - 31 scrolls of identify {@r1}
 k - 5 scrolls of fear
 l - 5 scrolls of blinking
 m - a scroll of teleportation
 t - 3 scrolls of vulnerability
 u - a scroll of noise
 K - a scroll of acquirement
 Q - a scroll of holy word
 U - a scroll of silence
 W - 2 scrolls of amnesia
Potions
 b - 3 potions of heal wounds {@q2}
 d - 2 potions of cancellation
 i - 10 potions of haste
 n - 3 potions of attraction
 p - a potion of resistance
 q - 4 potions of brilliance
 s - 3 potions of flight
 B - 5 potions of magic
 E - 3 potions of lignification
 H - a potion of ambrosia
 J - a potion of might
 T - 2 potions of mutation
 Z - a potion of berserk rage


   Skills:
 + Level 14.7 Fighting
 - Level 13.0 Dodging
 - Level 13.0 Stealth
 - Level 8.0 Unarmed Combat
 + Level 13.8 Spellcasting
 - Level 5.1(9.1) Conjurations
 - Level 11.3(15.0) Hexes
 - Level 3.2(6.7) Summonings
 + Level 9.0(12.8) Earth Magic


You had 20 spell levels left.
You knew the following spells:

 Your Spells              Type           Power        Failure   Level
a - Confusing Touch       Hex            79%          0%          3
b - Corona                Hex            87%          0%          1
c - Ensorcelled Hibernat  Hex/Ice        100%         1%          2
d - Tukima's Dance        Hex            79%          0%          3
e - Summon Mana Viper     Hex/Summ       67%          1%          5
f - Iron Shot             Conj/Erth      33%          1%          6

Your spell library contained the following spells:

 Spells                   Type           Power        Failure   Level
 Beastly Appendage        Tmut           42%          1%          1
 Wereblood                Tmut           21%          1%          2
 Dazzling Flash           Conj/Hex       100%         1%          3
 Petrify                  Tmut/Erth      53%          1%          4
 Bolt of Magma            Conj/Fire/Erth 28%          1%          5
 Iskenderun's Battlesphe  Conj           61%          1%          5
 Metabolic Englaciation   Hex/Ice        28%          1%          5
 Yara's Violent Unravell  Hex/Tmut       28%          1%          5
 Gell's Gravitas          Tloc           10%          2%          3
 Ignite Poison            Fire/Tmut/Pois 21%          2%          3
 Spider Form              Tmut/Pois      10%          2%          3
 Fireball                 Conj/Fire      22%          4%          5
 Summon Forest            Summ/Tloc      19%          8%          5
 Ice Form                 Ice/Tmut       21%          9%          4
 Shadow Creatures         Summ           N/A          12%         6
 Orb of Destruction       Conj           30%          22%         7
 Starburst                Conj/Fire      22%          24%         6
 Blade Hands              Tmut           10%          26%         5
 Spellforged Servitor     Conj/Summ      28%          34%         7
 Summon Hydra             Summ           26%          50%         7
 Ignition                 Fire           10%          100%        8


Dungeon Overview and Level Annotations

Branches:
Dungeon (11/15)            Temple (1/1) D:4            Lair (6/6) D:9
 Shoals (2/4) Lair:3       Spider (4/4) Lair:4        Slime (0/5) Lair:6
    Orc (2/2) D:10            Elf (0/3) Orc:2

Altars:
Ashenzari
Cheibriados
Dithmenos
Elyvilon
Fedhas
Gozag
Hepliaklqana
Kikubaaqudgha
Makhleb
Nemelex Xobeh
Okawaru
Qazlal
Ru
Sif Muna
Trog
Uskayaw
Vehumet
Wu Jian
Xom
Yredelemnul
Zin
The Shining One
Jiyva

Shops:
D:5 *(   D:6 *   D:8 [   Orc:1 =   Orc:2 !?=(   Shoals:1 =*:([

Annotations:
D:2 Natasha
D:10 exclusion: downstairs
D:11 exclusion: cyclops, Erolcha
Lair:3 1 runed translucent door, temitten's ghost, journeyman SpEn
Lair:4 exclusion: downstairs
Lair:5 exclusion: 2 oklob plants
Spider:3 Kirke
Spider:4 Arachne; Bai Suzhen
Orc:2 TimeIsEndless's ghost, adept FoFi


Innate Abilities, Weirdness & Mutations

You cannot wear armour.
You are incapable of wielding weapons or throwing items.
Your paws allow you to move quietly. (Stealth)
You have sharp claws.
You have razor-sharp teeth.
You have supernaturally acute eyesight. (SInv)
You cover ground quickly.
Your thick and shaggy fur keeps you warm. (AC +3, rC+)
Your sharp claws are effective at attacking unaware monsters.


Message History

Your mana viper misses the sea snake. x2
Your mana viper bites the sea snake!
The sea snake closely misses your mana viper.
Your mana viper bites the sea snake!
The sea snake dies!
Your mana viper disappears in a puff of smoke!
You enter the shallow water.
Moving in this stuff is going to be slow.
Your mana viper bites the plant!!
The plant begins to die.
Your mana viper bites the plant!
Your mana viper bites the plant!!
Something bites the plant!!
Something bites the plant!
A nearby plant withers and dies.
You enter the shallow water.
Moving in this stuff is going to be slow.
A wind drake is nearby!
Casting: Summon Mana Viper (dangerous; 1% risk of failure)
Confirm with . or Enter, or press ? or * to list all spells.
A mana viper appears with a sibilant hiss.
Casting: Summon Mana Viper (dangerous; 1% risk of failure)
Confirm with . or Enter, or press ? or * to list all spells.
A mana viper appears with a sibilant hiss.
The wind drake hisses angrily.
The wind drake bites the plant!
The plant begins to die.
The wind drake flaps its wings at you. The air twists around and strikes you!!
The wind drake flaps its wings at you. The air twists around and strikes you!
Your mana viper splashes around in the water.
Your mana viper bites the plant!!
The plant begins to die.
The wind drake bites your mana viper but does no damage.
The wind drake flaps its wings at you. The air twists around and strikes you!!
* * * LOW HITPOINT WARNING * * *
Your mana viper barely misses the wind drake.
A nearby plant withers and dies.
Your mana viper bites the wind drake! x2
Your mana viper bites the wind drake!!
Your mana viper bites the wind drake!
You feel much better.
You are too injured to fight recklessly!
Casting: Summon Mana Viper (dangerous; 1% risk of failure)
Confirm with . or Enter, or press ? or * to list all spells.
Your paws begin to glow red.
A nearby plant withers and dies.
The wind drake flaps its wings at you. The air twists around and strikes you!!
* * * LOW HITPOINT WARNING * * *
You scratch the wind drake but do no damage.
The wind drake is almost dead.
The wind drake flaps its wings at you. The air twists around and strikes you!!
You die...

#≈≈≈≈≈≈≈≈≈≈≈≈≈≈≈≈≈≈≈≈≈≈
#≈≈≈≈≈≈≈≈≈≈≈≈≈≈≈≈≈≈≈≈≈≈
#≈≈≈≈≈≈≈...≈≈≈≈≈≈.≈≈≈≈≈
#≈≈≈≈≈≈..#.≈≈≈P...≈≈≈≈≈
#≈≈≈≈≈≈..#PP###..≈≈≈≈≈≈
#≈≈≈≈≈...#PP###.P≈≈≈≈≈≈
#≈≈≈≈≈P...PP....≈≈P≈≈≈≈
#≈≈≈≈≈...P.P≈P.≈≈≈≈≈≈≈≈
#≈≈≈≈≈@#...P≈≈≈≈P≈≈≈≈≈≈
#≈≈≈≈≈k##..†≈≈≈≈≈≈P≈≈≈≈
#≈≈≈SSPP>P.≈P≈≈PP≈≈≈≈≈≈
#≈≈≈≈≈≈P≈P≈≈≈≈≈≈≈≈≈≈≈≈≈
#≈≈≈≈≈≈PPPP≈P≈≈≈≈≈≈≈≈≈≈
#≈≈≈≈≈≈≈≈≈≈≈≈≈≈≈≈≈≈≈≈≈≈
#≈≈≈≈≈≈≈≈≈≈≈≈≈≈≈≈≈≈≈≈≈
#≈≈≈≈≈≈≈≈≈≈≈≈≈≈≈≈≈≈≈≈≈≈
≈≈≈≈≈≈≈≈≈≈≈≈≈≈≈≈≈≈≈


You could see a wind drake (repels missiles, ally target) and 2 friendly mana
vipers.

Vanquished Creatures
  3 ghost moths (Spider:4)
  3 emperor scorpions
  An entropy weaver (Spider:3)
  3 spark wasps
  4 hydras
  4 ogre magi (Orc:2)
  8 two-headed ogres
  9 death yaks
  A sea snake (Shoals:1)
  A harpy (Shoals:2)
  2 lindwurms (Lair:6)
  17 orb spiders
  2 cyclopes
  23 wolf spiders
  An ugly thing (D:11)
  A faun (Shoals:2)
  A moth of wrath (Spider:2)
  8 black mambas
  10 elephants
  10 torpor snails
  11 cane toads
  2 centaur skeletons (D:10)
  16 komodo dragons
  2 rime drakes
  Maggie (D:8)
  11 demonic crawlers
  A troll (Orc:1)
  A wind drake (Shoals:1)
  17 jumping spiders
  A polar bear (Lair:1)
  3 merfolk
  3 tyrant leeches (Lair:6)
  7 blink frogs
  12 hornets
  A snapping turtle (Shoals:1)
  43 redbacks
  A water elemental (Shoals:1)
  17 tarantellas
  A wraith (D:11)
  2 wyverns
  6 hogs
  52 yaks
  6 basilisks
  4 wargs
  2 soldier ants
  12 water moccasins
  A necrophage (D:11)
  5 black bears
  25 ogres
  9 orc warriors
  2 sky beasts
  An ice beast (D:11)
  15 wolves
  4 phantoms
  12 bullfrogs
  2 gnoll sergeants
  4 kobold brigands
  A wyvern skeleton (D:9)
  6 scorpions
  A water moccasin skeleton (D:8)
  2 wights (D:11)
  6 killer bees
  6 howler monkeys
  A bullfrog zombie (D:6)
  A quasit (D:7)
  4 jellies
  A bullfrog skeleton (D:9)
  11 orc priests
  7 hounds
  2 iguanas
  27 orc wizards
  12 worker ants
  A killer bee zombie (D:9)
  A hound zombie (D:5)
  A hound skeleton (D:4)
  2 worker ant zombies (D:5)
  7 gnolls
  17 adders
  2 shadow imps
  A white imp (D:9)
  5 ufetubi
  2 adder skeletons
  3 worms
  2 dart slugs
  6 leopard geckos
  52 orcs
  6 giant cockroaches
  12 goblins
  9 hobgoblins
  8 jackals
  22 kobolds
  4 quokkas
  A ball python skeleton (D:4)
  8 bats
  5 frilled lizards
  A leopard gecko zombie (D:5)
  2 quokka skeletons
  A quokka zombie (D:4)
  7 rats
703 creatures vanquished.

Vanquished Creatures (collateral kills)
  The ghost of mojasp the Fighter, a journeyman GrWr of Okawaru (Orc:2)
  A merfolk impaler (Shoals:1)
  2 merfolk avatars (Shoals:1)
  A catoblepas (Lair:3)
  2 two-headed ogres
  A merfolk aquamancer (Shoals:2)
  A death yak (Lair:3)
  6 sea snakes
  The ghost of Garrluk the Grasshopper, a novice NaWr of Cheibriados (D:5)
  4 harpies (Shoals:2)
  7 manticores
  A wolf spider (Spider:2)
  3 fauns (Shoals:2)
  The ghost of abdbla the Covert, a novice SpEn of Dithmenos (D:8)
  A cyclops (Shoals:2)
  7 merfolk sirens
  2 water nymphs (Shoals:2)
  7 merfolk
  A hornet (Spider:4)
  A jumping spider (Spider:3)
  2 wind drakes (Shoals:2)
  4 snapping turtles
  A tarantella (Spider:4)
  7 water elementals
  3 redbacks
  2 orc warriors (Orc:2)
  An ogre (Orc:2)
  A wight (D:11)
  A gnoll (D:9)
  4 orcs
77 creatures vanquished.

Vanquished Creatures (others)
  A demonic crawler (Spider:2)
  5 dancing weapons
  3 bushes
  64 fungi
  150 plants
  5 withered plants
228 creatures vanquished.

Grand Total: 1008 creatures vanquished

Notes
Turn   | Place    | Note
-------+----------+-------------------------------------------
     0 | D:1      | Cheater the Felid Enchanter began the quest for the Orb.
     0 | D:1      | Reached XP level 1. HP: 7/7 MP: 4/4
   492 | D:1      | Reached XP level 2. HP: 12/12 MP: 4/6
  1516 | D:2      | Reached XP level 3. HP: 15/15 MP: 5/7
  1520 | D:2      | Learned a level 3 spell: Confusing Touch
  1625 | D:2      | Reached skill level 1 in Fighting
  2129 | D:2      | Found a glowing golden altar of the Shining One.
  2129 | D:2      | Found a snail-covered altar of Cheibriados.
  2197 | D:2      | Noticed Natasha
  2213 | D:2      | Reached XP level 4. HP: 19/19 MP: 8/8
  2907 | D:3      | Reached skill level 5 in Hexes
  3283 | D:3      | Found an ancient bone altar of Kikubaaqudgha.
  3383 | D:3      | Found a broken altar of Ashenzari.
  3429 | D:3      | Became a worshipper of Ashenzari the Shackled
  3574 | D:3      | Found an iron altar of Okawaru.
  4149 | D:4      | Found a staircase to the Ecumenical Temple.
  4167 | D:4      | Reached skill level 5 in Stealth
  4167 | D:4      | Reached XP level 5. HP: 21/22 MP: 6/10
  4304 | Temple   | Entered the Ecumenical Temple
  5084 | D:5      | Entered Level 5 of the Dungeon
  5097 | D:5      | Reached skill level 2 in Fighting
  5117 | D:5      | Found a transporter.
  5126 | D:5      | Noticed Garrluk's ghost (novice NaWr)
  5129 | D:5      | Found a transporter.
  5292 | D:5      | Gained mutation: You are covered in thick fur. (AC +2)
                  | [Felid growth]
  5292 | D:5      | Reached XP level 6. HP: 26/26 MP: 7/11
  5295 | D:5      | Learned a level 2 spell: Ensorcelled Hibernation
  5299 | D:5      | Learned a level 3 spell: Tukima's Dance
  5308 | D:5      | Found Etumim's Antique Weapon Shoppe.
  5934 | D:5      | Found Kisit's Elemental Accessories.
  6312 | D:6      | Reached XP level 7. HP: 22/30 MP: 9/13
  6442 | D:6      | Reached * piety under Ashenzari
  6914 | D:6      | HP: 1/30 [black bear (5)]
  7249 | D:6      | Reached skill level 5 in Dodging
  7484 | D:6      | Reached skill level 3 in Fighting
  7536 | D:6      | Found Iguesay's Assorted Antiques.
  7543 | D:6      | Bought a bubbling red potion for 24 gold pieces
  7543 | D:6      | Bought a scroll labelled MUTIKO UPLAUTEDE for 27 gold
                  | pieces
  7543 | D:6      | Bought a scroll labelled LUOSTI RON TULL for 27 gold pieces
  9285 | D:7      | Reached XP level 8. HP: 27/34 MP: 9/14
  9608 | D:7      | Found a shadowy altar of Dithmenos.
  9867 | D:8      | Found Ozos's Antique Armour Boutique.
  9870 | D:8      | Noticed Maggie
  9925 | D:8      | Found a runed translucent gate.
  9925 | D:8      | Found a runed translucent gate.
  9926 | D:8      | Found a runed translucent gate.
  9934 | D:8      | Noticed abdbla's ghost (novice SpEn)
  9998 | D:8      | Identified the +8 war axe of the Living Dead {freeze, Str+3
                  | Int-4 Dex+3}
 11001 | D:8      | Reached skill level 4 in Fighting
 12556 | D:8      | Reached XP level 9. HP: 15/39 MP: 10/17
 13134 | D:8      | Killed Maggie
 13135 | D:8      | Reached skill level 5 in Spellcasting
 13204 | D:8      | Reached skill level 5 in Unarmed Combat
 13913 | D:9      | Reached skill level 5 in Fighting
 14784 | D:9      | Found a staircase to the Lair.
 15204 | D:9      | Found a glowing silver altar of Zin.
 15205 | D:9      | Found an opulent altar of Gozag.
 15708 | D:10     | Entered Level 10 of the Dungeon
 16235 | D:10     | Reached XP level 10. HP: 37/45 MP: 8/19
 16435 | D:10     | Found a staircase to the Orcish Mines.
 17041 | D:10     | Reached skill level 6 in Fighting
 17100 | D:10     | Reached skill level 10 in Stealth
 17633 | D:11     | Reached skill level 10 in Hexes
 17728 | D:11     | Noticed a purple ugly thing
 17806 | D:11     | Reached ** piety under Ashenzari
 17810 | D:11     | Noticed Erolcha
 18134 | D:11     | Noticed a cyclops
 18509 | D:11     | Killed a purple ugly thing
 18664 | D:11     | Noticed a gargoyle
 18749 | Lair:1   | Entered Level 1 of the Lair of Beasts
 18755 | Lair:1   | Noticed a black mamba
 18805 | Lair:1   | Noticed a cane toad
 18805 | Lair:1   | Noticed a cane toad
 18827 | Lair:1   | Killed a cane toad
 18867 | Lair:1   | Killed a cane toad
 18868 | Lair:1   | Reached XP level 11. HP: 49/49 MP: 22/22
 19167 | Lair:1   | Reached skill level 7 in Fighting
 19230 | Lair:1   | Reached skill level 10 in Dodging
 19732 | Lair:2   | Found a shimmering altar of Xom.
 19853 | Lair:2   | Reached *** piety under Ashenzari
 20411 | Lair:3   | Reached skill level 8 in Fighting
 20848 | Lair:3   | Found a runed translucent door.
 20849 | Lair:3   | Noticed temitten's ghost (journeyman SpEn)
 20851 | Lair:3   | Identified the +4 trident of Boecw {protect, +Blink Int-5
                  | SInv}
 20851 | Lair:3   | Noticed a spriggan rider
 20878 | Lair:3   | Noticed a death yak
 20878 | Lair:3   | Noticed a death yak
 20878 | Lair:3   | Noticed a death yak
 20878 | Lair:3   | Noticed a death yak
 20880 | Lair:3   | Noticed a death yak
 20935 | Lair:3   | Found a staircase to the Shoals.
 20937 | Lair:3   | Noticed a catoblepas
 21257 | Lair:3   | Noticed a death yak
 21293 | Lair:3   | Gained mutation: Your thick and shaggy fur keeps you warm.
                  | (AC +3, rC+) [Felid growth]
 21293 | Lair:3   | Reached XP level 12. HP: 56/56 MP: 22/25
 21326 | Lair:3   | Killed a death yak
 21436 | Lair:3   | Killed a death yak
 21437 | Lair:3   | Reached skill level 9 in Fighting
 21490 | Lair:3   | Reached skill level 1 in Summonings
 21768 | Lair:3   | Killed a death yak
 21987 | Lair:4   | Noticed a death yak
 21991 | Lair:4   | Noticed a death yak
 21992 | Lair:4   | Noticed a death yak
 21993 | Lair:4   | Noticed a death yak
 21995 | Lair:4   | Killed a death yak
 22027 | Lair:4   | Killed a death yak
 22064 | Lair:3   | Killed a death yak
 22133 | Lair:3   | Killed a death yak
 22393 | Lair:4   | Noticed a five-headed hydra
 22415 | Lair:4   | Reached **** piety under Ashenzari
 22765 | Lair:4   | Found a hole to the Spider Nest.
 22891 | Lair:4   | Reached skill level 10 in Fighting
 22965 | Lair:4   | Noticed a six-headed hydra
 22991 | Lair:4   | Killed a six-headed hydra
 23328 | Lair:5   | Noticed a catoblepas
 23399 | Lair:5   | Found a snail-covered altar of Cheibriados.
 23545 | Lair:5   | Reached skill level 10 in Spellcasting
 23711 | Lair:5   | Reached XP level 13. HP: 62/62 MP: 25/28
 24033 | Lair:5   | Reached skill level 11 in Fighting
 24498 | Lair:6   | Entered Level 6 of the Lair of Beasts
 25334 | Lair:6   | Reached ***** piety under Ashenzari
 25375 | Lair:6   | Learned a level 5 spell: Summon Mana Viper
 25480 | Lair:6   | Reached skill level 1 in Conjurations
 25480 | Lair:6   | Reached skill level 1 in Earth Magic
 25555 | Lair:6   | Found a viscous altar of Jiyva.
 25557 | Lair:6   | Identified a scroll of acquirement
 25563 | Lair:6   | Found a staircase to the Slime Pits.
 25844 | Lair:6   | Found a runed translucent door.
 26294 | Lair:6   | Reached skill level 12 in Fighting
 26949 | Lair:6   | Paralysed by a hornet for 1 turns
 27021 | Lair:6   | Paralysed by a hornet for 1 turns
 27139 | Lair:6   | Paralysed by a hornet for 1 turns
 27572 | Orc:1    | Entered Level 1 of the Orcish Mines
 28137 | Orc:1    | Found Maarrias's Jewellery Emporium.
 28278 | Orc:1    | Reached XP level 14. HP: 69/69 MP: 26/30
 28435 | Orc:2    | Entered Level 2 of the Orcish Mines
 28750 | Orc:2    | Found Buynomegg's Weapon Shoppe.
 28750 | Orc:2    | Found Qimenec's Jewellery Shop.
 29268 | Orc:2    | Found Otutze's Distillery.
 29268 | Orc:2    | Found Detomiubu's Magic Scroll Shop.
 29465 | Orc:2    | Found a staircase to the Elven Halls.
 29645 | Orc:2    | Found a runed translucent gate.
 29645 | Orc:2    | Found a runed translucent gate.
 29645 | Orc:2    | Found a runed translucent gate.
 29646 | Orc:2    | Noticed TimeIsEndless's ghost (adept FoFi)
 29647 | Orc:2    | Noticed mojasp's ghost (journeyman GrWr)
 30076 | Orc:2    | Identified the ring of Democracy {rElec rF- Will++ Int+4
                  | Dex+6}
 30164 | Orc:2    | Killed mojasp's ghost
 30165 | Orc:2    | Reached skill level 5 in Conjurations
 30382 | Orc:2    | Bought an amulet of reflection for 390 gold pieces
 30605 | D:5      | Reached skill level 5 in Earth Magic
 30640 | D:5      | Killed Garrluk's ghost
 30780 | D:6      | Bought a paperback book for 405 gold pieces
 30780 | D:6      | Bought a black book for 405 gold pieces
 31179 | D:8      | Killed abdbla's ghost
 31197 | D:8      | Learned a level 6 spell: Iron Shot
 31491 | Spider:1 | Entered Level 1 of the Spider Nest
 31554 | Spider:1 | Reached skill level 13 in Fighting
 31714 | Spider:1 | Paralysed by a hornet for 1 turns
 31871 | Spider:1 | HP: 2/70 [demonic crawler (13)]
 32425 | Spider:2 | Noticed an emperor scorpion
 32501 | Spider:2 | Killed an emperor scorpion
 33855 | Spider:3 | Reached XP level 15. HP: 74/74 MP: 28/32
 34058 | Spider:3 | HP: 3/74 [jumping spider (14)]
 34058 | Spider:3 | Slain by a jumping spider
 34059 | Spider:3 | Reached XP level 14. HP: -1/70 MP: 29/31
 35123 | Spider:4 | Entered Level 4 of the Spider Nest
 35123 | Spider:4 | Noticed an emperor scorpion
 35662 | Spider:3 | Killed an emperor scorpion
 36763 | Spider:4 | Noticed a ghost moth
 36904 | Spider:4 | Noticed Kirke
 37058 | Spider:4 | Noticed a sphinx
 37354 | Spider:4 | Noticed Bai Suzhen
 37441 | Spider:4 | Noticed a ghost moth
 37441 | Spider:4 | Noticed Arachne
 38011 | Spider:4 | Killed a ghost moth
 38385 | Spider:4 | Reached skill level 14 in Fighting
 39012 | Spider:4 | Slain by a spark wasp
 39013 | Spider:4 | Reached XP level 13. HP: 0/67 MP: 29/31
 39246 | Spider:4 | Noticed an emperor scorpion
 39303 | Spider:4 | Reached XP level 14. HP: 72/72 MP: 29/32
 39339 | Spider:4 | Noticed a ghost moth
 39530 | Spider:4 | Killed a ghost moth
 39933 | Spider:4 | Noticed a ghost moth
 39957 | Spider:4 | Noticed a ghost moth
 39973 | Spider:4 | Killed a ghost moth
 40070 | Spider:4 | Got a gossamer rune of Zot
 40642 | Shoals:1 | Entered Level 1 of the Shoals
 40642 | Shoals:1 | Found Juizey's Antique Weapon Shop.
 40644 | Shoals:1 | Found Eczie's Book Shoppe.
 40825 | Shoals:1 | Found Buikk's Assorted Antiques.
 41156 | Shoals:1 | Found Dimm's Jewellery Shoppe.
 41368 | Shoals:1 | Found Piffaxuh's Armour Emporium.
 41518 | Shoals:1 | Noticed a kraken
 44171 | Shoals:1 | Killed from afar by a wind drake

Illustrated notes

Levels and vault maps discovered:
D:1:      sevenhm_arrival_forest_fort_small_3, layout_rooms
D:2:      wad_crossroads, layout_basic, gammafunk_temple_overflow_wave,
          minmay_statues_item, palyth_stone_intersect, uniq_natasha
D:3:      layout_basic, lemuel_round_altar, ashenzari_conservatory_becter,
          okawaru_ov_weapons_minmay
D:4:      layout_loops_ring, minmay_temple_entry_mini_moons
D:5:      layout_rooms, serial_shops, shop, gammafunk_ghost_arena,
          nicolae_elemental_shop
D:6:      layout_basic, serial_shops, shop
D:7:      minmay_bubble_buster, layout_cave_pools, grunt_dithmenos_shadows
D:8:      layout_basic, serial_shops, shop_fountains, ebering_ghost_rock_garden,
          uniq_maggie
D:9:      layout_rooms, grunt_temple_overflow_gold_and_silver,
          erik_lair_orcish_takeover
D:10:     layout_loops_corners, erik_orc_3, grunt_decor_fettered,
          kennysheep_cross_bottleneck
D:11:     layout_basic, uniq_sonja, uniq_erolcha
Temple:   regret_index_temple_waves
Lair:1:   layout_loops_ring, st_stairs_3, beast_lair_carwin_1
Lair:2:   layout_big_grid, basic_altar
Lair:3:   layout_roguey [special_room_bee], elwin_shoals_entry_rocks,
          ebering_ghost_funeral_grove, kennysheep_basilisk_garden,
          serial_bayou_shore_a
Lair:4:   layout_regular_city, nicolae_spider_entry_orb_guardian, serial_forest,
          infiniplex_forest_straight_3, infiniplex_forest_lined_3,
          infiniplex_forest_lined_1, infiniplex_forest_corner_2,
          infiniplex_forest_corner_2, infiniplex_forest_zigzag_1,
          infiniplex_forest_split, infiniplex_forest_lined_room_,
          infiniplex_forest_split, minivault_24, minmay_hedge_maze
Lair:5:   layout_regular_city, kennysheep_snail_temple,
          minmay_lair_oklob_chamber
Lair:6:   wormcave, layout_loops_ring, slime_altar_1, grunt_megastairs_3
Shoals:1: layout_shoals, serial_shops, nicolae_shop_waterfront,
          nicolae_shop_overgrown_old_shop, shop_statue, nicolae_shop_crystal,
          shop_statue
Shoals:2: layout_shoals, argonaut_gorgonesque
Spider:1: layout_spider_delve, hangedman_spider_tarantella_strand
Spider:2: layout_spider_delve
Spider:3: layout_spider_delve, drop_trap
Spider:4: johnstein_spider_rune_arachne_lair, uniq_arachne, uniq_bai_suzhen,
          uniq_kirke
Orc:1:    layout_caves, serial_shops, nicolae_shop_trees,
          nicolae_orc_damp_corner
Orc:2:    st_orc_ogre_mass, layout_caves, gammafunk_ghost_cemetery

Skill      XL: |  1  2  3  4  5  6  7  8  9 10 11 12 13 14 |
---------------+-------------------------------------------+-----
Dodging        | 3 4 5 6 8 9 11 12 13 | 13.0
Fighting       | 1 2 3 4 5 6 8 10 12 14 | 14.7
Hexes          | 5 6 8 9 10 11 | 11.3
Unarmed Combat | 2 3 4 5 7 8 |  8.0
Stealth        | 5 6 8 9 10 11 13 | 13.0
Spellcasting   | 3 4 5 6 8 10 11 13 | 13.8
Summonings     | 3 |  3.2
Conjurations   | 3 5 |  5.1
Earth Magic    | 8 9 |  9.0

Action                   |  1- 3 |  4- 6 |  7- 9 | 10-12 | 13-15 || total
-------------------------+-------+-------+-------+-------+-------++-------
Melee: Unarmed           |   106 |   197 |   571 |   658 |  1902 ||  3434
       Bite              |     7 |    29 |    56 |    93 |   290 ||   475
       Punch             |     1 |     4 |    11 |    36 |    92 ||   144
 Cast: Corona            |    30 |    10 |    27 |    13 |    83 ||   163
       Confusing Touch   |     2 |    27 |   108 |   119 |   370 ||   626
       Ensorcelled Hiber |       |       |    13 |    12 |    56 ||    81
       Tukima's Dance    |       |       |    14 |     5 |    27 ||    46
       Summon Mana Viper |       |       |       |       |   115 ||   115
       Iron Shot         |       |       |       |       |     3 ||     3
Invok: Curse Item        |       |       |     2 |       |     4 ||     6
Evoke: Wand              |       |       |     3 |       |       ||     3
  Use: Potion            |       |       |     3 |       |    11 ||    14
       Scroll            |       |       |     2 |     1 |     6 ||     9
 Stab: Sleeping          |    13 |    18 |    15 |    31 |    43 ||   120
       Confused          |     3 |    20 |    83 |   124 |   315 ||   545
       Distracted        |       |       |     2 |     1 |     8 ||    11
       Held in net/web   |       |       |       |       |     2 ||     2
Armor: Skin              |     7 |     6 |    21 |     7 |    65 ||   106
Dodge: Dodged            |    87 |   118 |   483 |   430 |  2120 ||  3238
Block: Other             |       |       |       |       |    16 ||    16
       Reflection        |       |       |       |       |     1 ||     1

Table legend: (Time is in decaauts)
 A = Elapsed time spent in this place.
 B = Non-inter-level travel time spent in this place.
 C = Inter-level travel time spent in this place.
 D = Time resting spent in this place.
 E = Time spent auto-exploring this place.
 F = Levels seen in this place.
 G = Mean time per level.
                   A        B        C        D        E       F      G
               +--------+--------+--------+--------+--------+-----+--------+
         Total |  39228 |  31744 |   7484 |   3205 |  17584 |  26 | 1508.8 |
       Dungeon |  17429 |  14364 |   3065 |   2192 |   8287 |  11 | 1584.5 |
        Temple |     97 |      3 |     94 |      0 |      0 |   1 |   97.0 |
          Lair |   8220 |   6181 |   2039 |    152 |   3311 |   6 | 1370.0 |
        Shoals |   3378 |   3194 |    184 |    212 |   2159 |   2 | 1689.0 |
   Spider Nest |   7613 |   5724 |   1889 |    574 |   2554 |   4 | 1903.2 |
  Orcish Mines |   2489 |   2277 |    212 |     75 |   1271 |   2 | 1244.5 |
               +--------+--------+--------+--------+--------+-----+--------+

Top non-repeatable levels by time:
     D:8: 4202 daAuts
Spider:4: 3152 daAuts
Spider:3: 2677 daAuts
     D:7: 2131 daAuts
     D:6: 1935 daAuts
  Lair:6: 1870 daAuts
  Lair:3: 1864 daAuts
Shoals:2: 1782 daAuts
  Lair:5: 1768 daAuts
    D:10: 1656 daAuts
Shoals:1: 1595 daAuts
   Orc:2: 1470 daAuts
  Lair:4: 1399 daAuts
     D:2: 1367 daAuts
     D:1: 1241 daAuts
